 Dungeon Crawl Stone Soup version 0.28.0-53-g5a82cb258f (webtiles) character file.

Game seed: 6042485943551279675

41 Descartes the Grave Robber (level 3, -1/21 HPs)
             Began as an Octopode Wanderer on June 13, 2022.
             Slain by a goblin
             ... wielding a +0 dagger
              (4 damage)
             ... on level 2 of the Dungeon.
             The game lasted 00:04:00 (1622 turns).

Descartes the Grave Robber (Octopode Wanderer)      Turns: 1622, Time: 00:04:01

Health: -1/21      AC:  1    Str: 11    XL:     3   Next: 52%
Magic:  4/5        EV: 13    Int: 15    God:
Gold:   33         SH:  0    Dex: 12    Spells: 3/5 levels left

rFire   . . .      SeeInvis .   g - +1 dagger (pain)
rCold   . . .      Faith    .   (no shield)
rNeg    . . .      Spirit   .   (helmet restricted)
rPois   .          Reflect  .   (no amulet)
rElec   .          Harm     .   (no ring)
rCorr   .          Rampage  .   (no ring)
Will    .....                   (no ring)
Stlth   +++.......              (no ring)
HPRegen 0.07/turn               (no ring)
MPRegen 0.09/turn               (no ring)
                                (no ring)
                                (no ring)

@: no status effects
A: almost no armour, amphibious, 8 rings, camouflage 1, gelatinous body 1,
(nimble swimmer 1), tentacles
a: no special abilities


You were on level 2 of the Dungeon.
You visited 1 branch of the dungeon, and saw 2 of its levels.

You collected 33 gold pieces.

Inventory:

Hand Weapons
 a - a +2 shortbow
 b - a +2 dagger of protection
 g - a +1 dagger of pain (weapon)
Missiles
 e - 19 arrows
 i - 25 stones (quivered)
Wands
 k - a wand of flame (12)
Scrolls
 d - 2 scrolls of immolation {unknown}
 f - a scroll of identify {unknown}
 h - a scroll of amnesia {unknown}
 j - 4 scrolls of teleportation {unknown}
Miscellaneous
 c - a piece from Xom's chessboard (15/15)


   Skills:
 - Level 2.0 Bows
 + Level 1.8 Dodging
 + Level 2.0 Stealth
 + Level 1.6 Spellcasting
 + Level 3.4 Necromancy
 - Level 1.0 Invocations
 - Level 2.1 Evocations


You had 3 spell levels left.
You knew the following spells:

 Your Spells              Type           Power      Damage    Failure   Level
a - Animate Skeleton      Necr           22%        N/A       5%          1
b - Pain                  Necr           44%        1d6       5%          1

Your spell library contained the following spells:

 Spells                   Type           Power      Damage    Failure   Level
 Vampiric Draining        Necr           11%        2d6       17%         3


Dungeon Overview and Level Annotations

Branches:
Dungeon (2/15)

Altars:

Shops:
D:1 !


Innate Abilities, Weirdness & Mutations

You cannot wear most types of armour.
You are amphibious.
You can wear up to eight rings at the same time.
Your skin changes colour to match your surroundings (Stealth+).
Your rubbery body absorbs attacks. (AC +1, EV +1)
((You are camouflaged when in or above water. (Stealth+)))
You have tentacles for arms and can constrict up to eight enemies at once.


Message History

You are too injured to fight recklessly!
You are too injured to fight recklessly!
You are too injured to fight recklessly!
You are too injured to fight recklessly!
You are too injured to fight recklessly!
You are too injured to fight recklessly!
You are too injured to fight recklessly!
You are too injured to fight recklessly!
Unknown command.
Casting: Pain (safe; 6% risk of failure)
Confirm with . or Enter, or press ? or * to list all spells.
There is nothing nearby to animate!
Unknown command.
Casting: Animate Skeleton (safe; 6% risk of failure)
Confirm with . or Enter, or press ? or * to list all spells.
Aiming: Pain (safe; 6% risk of failure)
Press: ? - help, Shift-Dir - straight line, f - worm
Aim: a worm (moderately wounded, constricted by you, chance to affect: 73%)
The worm struggles to resist.
You constrict the worm. The worm bites you.
* * * LOW HITPOINT WARNING * * *
You hit the worm.
The worm writhes in agony.
You squeeze the worm.
The worm is severely wounded.
You constrict the worm. You hit the worm.
You kill the worm!
A kobold comes into view. It is wielding a +0 dagger.
The goblin closely misses you.
Your Stealth skill increases to level 2!
You closely miss the goblin. Your grab misses the goblin.
The goblin completely misses you.
You hit the goblin but do no damage. You grab the goblin.
Your squeeze misses the goblin. You constrict the goblin.
The kobold throws a stone.
The stone hits you.
* * * LOW HITPOINT WARNING * * *
The goblin barely misses you.
You barely miss the goblin.
The goblin is moderately wounded.
You constrict the goblin.
The kobold throws a stone.
The stone misses you. The goblin hits you with a +0 dagger.
You die...

#... #.....
..?.....#####...
###..............†.
#.....#..#...#.....
#..[[....#........#
#.....#.##.#.#....#
#....#...#......###
#........#......#
#.@..#........###
#.g#####......##
#.........##...#
#.........##...#
.....#####...##...#
###.# #.......<# #K
######...# #. #...#
.. #...#


You could see a goblin and a kobold.

Vanquished Creatures
  An adder (D:2)
  A worm (D:2)
  A dart slug (D:1)
  2 ball pythons
  3 bats (D:1)
  6 endoplasms (D:1)
  3 goblins (D:1)
  2 hobgoblins (D:1)
  3 frilled lizards
  A kobold (D:1)
  A rat (D:1)
24 creatures vanquished.

Vanquished Creatures (collateral kills)
  A rat (D:1)
1 creature vanquished.

Grand Total: 25 creatures vanquished

Notes
Turn   | Place    | Note
-------+----------+-------------------------------------------
     0 | D:1      | Descartes the Octopode Wanderer began the quest for the
                  | Orb.
     0 | D:1      | Descartes set off with the following items: a +2 shortbow,
                  | 23 arrows, a piece from Xom's chessboard (15/15); and the
                  | following spell memorised: Animate Skeleton; and the
                  | following spells available to memorise: Vampiric Draining
     0 | D:1      | Reached XP level 1. HP: 11/11 MP: 2/2
    77 | D:1      | Learned a level 1 spell: Pain
   305 | D:1      | Reached skill level 1 in Stealth
   305 | D:1      | Reached XP level 2. HP: 17/17 MP: 3/3
   481 | D:1      | Found Byidd's Distillery.
  1115 | D:1      | Reached XP level 3. HP: 20/21 MP: 5/5
  1160 | D:1      | Found a faded altar of an unknown god.
  1622 | D:2      | Slain by a goblin

Illustrated notes

Levels and vault maps discovered:
D:1:      ncdulo_halloftheorcs, layout_loops_corners, serial_shops,
          nicolae_square_shop, hellmonk_ecumenical_altar_slurped_away
D:2:      layout_basic, minmay_misc_feat_encased, minmay_misc_feat_diagonals,
          hangedman_decor_lopped, minmay_misc_feat_rugged,
          minmay_fractal_squares_5, uniq_jessica

Skill      XL: |  1  2  3 |
---------------+----------+-----
Stealth        | 1 2 |  2.0
Bows           | |  2.0
Dodging        | |  1.8
Spellcasting   | |  1.6
Necromancy     | |  3.4
Invocations    | |  1.0
Evocations     | |  2.1

Action                   || total
-------------------------++-------
Melee: Dagger            ||    28
       Constrict         ||     4
       Tentacles         ||     2
 Fire: Shortbow          ||    22
 Cast: Pain              ||     4
       Animate Skeleton  ||     3
 Stab: Sleeping          ||     4
Armor: Skin              ||     4
Dodge: Dodged            ||    20
